 Dungeon Crawl Stone Soup version 0.25.1-2-g60ff931df9 (webtiles) character file.

Game seed: 7642823846201599712

35 Martska the Skirmisher (level 3, -7/34 HPs)
             Began as a Naga Fighter on Aug 9, 2020.
             Mangled by an iguana (9 damage)
             ... on level 2 of the Dungeon.
             The game lasted 00:03:12 (1213 turns).

Martska the Skirmisher (Naga Fighter)               Turns: 1213, Time: 00:03:12

Health: -7/34      AC:  4    Str: 18    XL:     3   Next: 35%
Magic:  4/4        EV:  5    Int:  9    God:
Gold:   94         SH:  8    Dex: 10    Spells: 3/3 levels left

rFire    . . .     SeeInvis +   a - +0 trident
rCold    . . .     Gourm    .   c - +0 kite shield
rNeg     . . .     Faith    .   b - +0 scale mail
rPois    +         Spirit   .   (no helmet)
rElec    .         Reflect  .   (no cloak)
rCorr    .         Harm     .   (no gloves)
MR       .....                  (no barding)
Stlth    ..........             (no amulet)
HPRegen  0.11/turn              (no ring)
MPRegen  0.09/turn              (no ring)

@: mighty, very slow
A: large, see invisible, deformed body, poison resistance, slowness 2, slow
metabolism 1, spit poison 1, AC +1
a: Spit Poison


You were on level 2 of the Dungeon.
You were not hungry.

You visited 1 branch of the dungeon, and saw 2 of its levels.

You collected 94 gold pieces.

Inventory:

Hand Weapons
 a - a +0 trident (weapon)
Armour
 b - a +0 scale mail (worn)
 c - a +0 kite shield (worn)
Scrolls
 e - a scroll of amnesia {unknown}
 h - a scroll of teleportation {unknown}
 i - a scroll of magic mapping {unknown}
 j - 4 scrolls of identify {unknown}
 k - a scroll of fear {unknown}
Potions
 d - a potion of might
 g - a potion of brilliance {unknown}
 l - a potion of stabbing {unknown}
 m - a potion of curing {unknown}
 n - a potion of berserk rage {unknown}
Comestibles
 f - 2 rations
 o - a chunk of flesh


   Skills:
 * Level 3.5 Fighting
 * Level 2.6 Polearms
 - Level 2.4 Armour
 + Level 2.6 Shields
 + Level 0.9 Spellcasting


You had 3 spell levels left.
You didn't know any spells.
Your spell library was empty.

Dungeon Overview and Level Annotations

Branches:
Dungeon (2/15)

Altars:


Innate Abilities, Weirdness & Mutations

You cannot wear boots.
Your serpentine skin is tough. (AC +1)
You have supernaturally acute eyesight. (SInv)
Armour fits poorly on your strangely shaped body.
Your system is resistant to poisons. (rPois)
You cover ground very slowly.
You have a slow metabolism.
You can spit poison.


Message History

The kobold throws a stone.
The stone hits you.
The kobold throws a stone.
The stone barely misses you.
You see here a stone.
An iguana comes into view.
You barely miss the kobold.
The iguana hisses angrily.
The kobold barely misses you.
You puncture the kobold!
You kill the kobold!
You hit the iguana but do no damage. You block the iguana's attack.
You closely miss the iguana. The iguana bites you!
* * * LOW HITPOINT WARNING * * *
The iguana bites you.
* * * LOW HITPOINT WARNING * * *
You closely miss the iguana.
The iguana bites you but does no damage.
You feel very mighty all of a sudden. The iguana closely misses you.
You closely miss the iguana. The iguana bites you!
You die...

#####.### # #.......#.#
).....#.# ## ###
#.....# ... ..#
##.#..###### ....
.?###....รท...... .....
#.#.###.......>
...[..#####..#
#.##.#.##
......l@((#>.###.##.#.#
........).(...........#
#...#####.#.(..#####..#
##. #.##.#.# #..#
#.##.#.# #..# #......#
#.## ##.###.# #.# .#
#.. ..# # #### ###


You could see an iguana.

Vanquished Creatures
  An adder (D:2)
  A worm (D:2)
  3 dart slugs (D:1)
  A giant cockroach (D:2)
  3 jackals (D:1)
  4 kobolds
  2 bats (D:1)
  2 frilled lizards (D:2)
  4 rats
21 creatures vanquished.

Vanquished Creatures (others)
  8 toadstools (D:2)
8 creatures vanquished.

Grand Total: 29 creatures vanquished

Notes
Turn   | Place    | Note
-------+----------+-------------------------------------------
     0 | D:1      | Martska the Naga Fighter began the quest for the Orb.
     0 | D:1      | Reached XP level 1. HP: 21/21 MP: 1/1
   159 | D:1      | Reached XP level 2. HP: 24/28 MP: 2/2
  1000 | D:2      | Reached XP level 3. HP: 27/34 MP: 4/4
  1210 | D:2      | HP: 1/34 [iguana (3)]
  1213 | D:2      | Mangled by an iguana

Illustrated notes

Levels and vault maps discovered:
D:1:      matt_arrival_debris, layout_basic, minivault_5
D:2:      cheibrodos_fertilizer, layout_loops_ring, first_ration,
          nicolae_ru_the_path_less_chosen

Action                   || total
-------------------------++-------
Melee: Trident           ||    76
  Use: Potion            ||     1
Armor: Scale mail        ||    33
Dodge: Dodged            ||    22
Block: Kite shield       ||    42
